 Dungeon Crawl Stone Soup version 0.21.1-1-g345015f (webtiles) character file.

158 Fang the Skirmisher (level 5, -6/51 HPs)
             Began as a Gargoyle Berserker on May 9, 2018.
             Was a Believer of Trog.
             Mangled by an orc priest
             ... wielding a +0 morningstar
              (11 damage)
             ... on level 3 of the Dungeon.
             The game lasted 00:02:56 (2215 turns).

Fang the Skirmisher (Gargoyle Berserker)            Turns: 2215, Time: 00:02:57

Health: -6/51      AC:  6    Str: 26    XL:     5   Next: 40%
Magic:  5/5        EV: 12    Int:  8    God:    Trog [**....]
Gold:   158        SH:  0    Dex:  9    Spells: 4/4 levels left

rFire    . . .     SeeInvis .   j - +2 quarterstaff (chaos)
rCold    . . .     Gourm    .   (shield currently unavailable)
rNeg     + . .     Faith    .   b - +0 animal skin
rPois    ∞         Spirit   .   (no helmet)
rElec    +         Reflect  .   (no cloak)
rCorr    .         Harm     .   (no gloves)
MR       .....                  (no boots)
Stlth    ..........             (no amulet)
HPRegen  0.17/turn              (no ring)
MPRegen  0.09/turn              (no ring)

@: berserking, very quick
A: negative energy resistance 1, electricity resistance, unbreathing,
petrification resistance, rot immunity, AC +4
a: Berserk, Trog's Hand, Burn Spellbooks, Renounce Religion


You were on level 3 of the Dungeon.
You worshipped Trog.
Trog was pleased with you.
You were hungry.

You visited 1 branch of the dungeon, and saw 3 of its levels.

You collected 158 gold pieces.

Inventory:

Hand Weapons
 a - a +0 hand axe
 j - a +2 quarterstaff of chaos (weapon)
Armour
 b - a +0 animal skin (worn)
Scrolls
 g - a scroll of identify
 h - a scroll of remove curse {unknown}
 k - a scroll of blinking
Potions
 d - 2 potions of heal wounds
 e - a potion of curing
 f - a potion of flight {unknown}
 i - a potion of lignification
Comestibles
 c - 5 rations


   Skills:
 + Level 4.3 Fighting
 + Level 4.3 Axes
 + Level 2.3 Armour
 + Level 2.3 Dodging
 + Level 0.2 Stealth


You had 4 spell levels left.
You didn't know any spells.

Dungeon Overview and Level Annotations

Branches:
Dungeon (3/15)

Altars:
Gozag


Innate Abilities, Weirdness & Mutations

You are resistant to torment.
Your stone body is resilient. (AC +4)
You are immune to poison.
You resist negative energy. (rN+)
You are resistant to electric shocks. (rElec)
You can survive without breathing.
You are immune to petrification.
You are immune to rotting.


Message History

You feel yourself moving faster!
You feel mighty!
You are feeling hungry.
The orc wizard barely misses you.
The orc priest calls down the wrath of Beogh upon you.
Beogh smites you!
* * * LOW HITPOINT WARNING * * *
The hobgoblin hits you but does no damage.
The orc barely misses you. The orc wizard closely misses you.
You sock the hobgoblin!
You kill the hobgoblin!
Trog accepts your kill. The orc hits you but does no damage.
The orc priest hits you with a morningstar.
* * * LOW HITPOINT WARNING * * *
The orc wizard hits you with a dagger.
* * * LOW HITPOINT WARNING * * *
The orc closely misses you. The orc completely misses you.
The orc priest hits you with a morningstar!
You die...

..#.##....#####,,,,,,>,,,,,,<,,,,
#>............#,*********,,,,,*,,
..#.......###.#,** *,,****,,
.#######(.# #.,*,#### *,,* *,, .#
#((.###.###...# *,,* *** .#
#....###.#.##.####*,,****** .#
#.(#......o.......,,,,,,,,, .#
##)†.###..oo...##**********
.#######(.#####.@o.[..#
#.....................#
#.######..............# #.#
#..######.....## #.# #)....#
##...## #.# ##.##.## *#.## #.#
#.....# *.# #.# #.##..# *.# #.###
#.##..# *,*


You could see an orc priest, an orc wizard and 2 orcs.

Vanquished Creatures
  Crazy Yiuf (D:2)
  6 adders
  2 oozes (D:1)
  2 worms (D:2)
  3 dart slugs
  A leopard gecko (D:1)
  3 orcs (D:3)
  2 bats
  2 giant cockroaches (D:3)
  6 goblins
  5 hobgoblins
  2 jackals (D:1)
  2 ball pythons (D:2)
  5 frilled lizards
  8 kobolds
  6 rats
56 creatures vanquished.

Notes
Turn   | Place    | Note
-------+----------+-------------------------------------------
     0 | D:1      | Fang the Gargoyle Berserker began the quest for the Orb.
     0 | D:1      | Reached XP level 1. HP: 14/14 MP: 1/1
    77 | D:1      | Reached XP level 2. HP: 8/19 MP: 2/2
   537 | D:1      | Reached XP level 3. HP: 19/24 MP: 3/3
  1045 | D:2      | Found a runed door.
  1167 | D:2      | Reached XP level 4. HP: 27/29 MP: 4/4
  1177 | D:2      | Reached ** piety under Trog
  1884 | D:2      | Found an opulent altar of Gozag.
  1984 | D:2      | Noticed Crazy Yiuf
  1993 | D:2      | Killed Crazy Yiuf
  1993 | D:2      | Reached XP level 5. HP: 33/33 MP: 5/5
  2215 | D:3      | Mangled by an orc priest

Skill      XL: |  1  2  3  4 |
---------------+-------------+-----
Axes           | 3 4 |  4.3
Fighting       | 4 |  4.3
Dodging        | 2 |  2.3
Armour         | |  2.3
Stealth        | |  0.2

Action                   |  1- 3 |  4- 6 || total
-------------------------+-------+-------++-------
Melee: Hand axe          |   100 |    60 ||   160
       Quarterstaff      |       |    24 ||    24
Invok: Berserk           |       |     2 ||     2
  Use: Scroll            |       |     6 ||     6
  Eat: Chunk             |       |     5 ||     5
Armor: Animal skin       |    34 |    37 ||    71
Dodge: Dodged            |    66 |    65 ||   131
